 Dungeon Crawl Stone Soup version 0.24-a0-769-g368c1644f8 (webtiles) character file.

Game seed: 5104285367117810297, levelgen mode: deterministic

539 Arixos the Slicer (level 7, -3/36 HPs)
             Began as a Vampire Enchanter on Oct 5, 2019.
             Slain by an orc wizard
             ... wielding a +0 dagger
              (4 damage)
             ... on level 5 of the Dungeon.
             The game lasted 00:26:50 (4343 turns).

Arixos the Slicer (Vampire Enchanter)               Turns: 4343, Time: 00:26:51

Health: -3/36      AC:  7    Str:  7    XL:     7   Next: 5%
Magic:  3/10       EV: 12    Int: 17    God:
Gold:   179        SH:  0    Dex: 17    Spells: 2/10 levels left

rFire    . . .     SeeInvis +   a - +1 dagger
rCold    + + .     Gourm    .   (no shield)
rNeg     + + +     Faith    .   f - +0 leather armour
rPois    ∞         Spirit   .   c - +0 helmet
rElec    .         Reflect  .   (no cloak)
rCorr    .         Harm     .   d - +0 pair of gloves
MR       .....                  t - +1 pair of boots
Stlth    +++++.....             m - amulet of magic regeneration
HPRegen  0.00/turn              (no ring)
MPRegen  0.37/turn              (no ring)

@: very slightly contaminated, bloodless, regenerating quickly, slowed, very
slow
A: no food, fangs 3, see invisible, unbreathing
a: Bat Form, Revivify


You were on level 5 of the Dungeon.
You were bloodless.

You visited 1 branch of the dungeon, and saw 7 of its levels.

You collected 179 gold pieces.

Inventory:

Hand Weapons
 a - a +1 dagger (weapon)
Armour
 c - a +0 helmet (worn)
 d - a +0 pair of gloves (worn)
 f - a +0 leather armour (worn)
 t - a +1 pair of boots (worn)
Jewellery
 m - an amulet of magic regeneration (around neck)
 v - a +2 ring of strength {unknown}
Wands
 u - a wand of polymorph (11)
Scrolls
 b - a scroll of remove curse {unknown}
 g - a scroll of noise {unknown}
 j - 4 scrolls of teleportation {unknown}
 k - 2 scrolls of identify {unknown}
 n - a scroll of enchant armour {unknown}
 q - a scroll of enchant weapon {unknown}
Potions
 e - a potion of might {unknown}
 h - a potion of mutation {unknown}
 i - a potion of curing {unknown}
 l - a potion of heal wounds {unknown}
 o - 2 potions of agility {unknown}
 p - a potion of lignification {unknown}
 r - a potion of degeneration {unknown}
 s - 2 potions of flight {unknown}


   Skills:
 + Level 8.2 Short Blades
 - Level 2.1 Dodging
 - Level 4.4 Stealth
 - Level 2.0 Spellcasting
 - Level 4.4 Hexes


You had 2 spell levels left.
You knew the following spells:

 Your Spells              Type           Power        Failure   Level  Hunger
a - Ensorcelled Hibernat  Hex/Ice        #.....       19%         2    N/A
c - Confuse               Hex            ###.....     14%         3    N/A
d - Tukima's Dance        Hex            ###.....     14%         3    N/A

Your spell library contained the following spells:

 Spells                   Type           Power        Failure   Level  Hunger
 Corona                   Hex            ###....      4%          1    N/A
 Dazzling Spray           Conj/Hex       #.....       34%         3    N/A

Dungeon Overview and Level Annotations

Branches:
Dungeon (7/15)
 Temple: D:4-7

Altars:
Wu Jian


Innate Abilities, Weirdness & Mutations

You do not eat.
You do not regenerate when monsters are visible.
You are frail without blood (-20% HP).
You are immune to poison.
You have razor-sharp teeth.
You have supernaturally acute eyesight. (SInv)
You can survive without breathing.


Message History

Aiming: Ensorcelled Hibernation (safe; 19% risk of failure)
Press: ? - help, Shift-Dir - straight line, f/p - orc wizard
Aim: an orc wizard, wielding a +0 dagger and wearing a +0 robe (fast, chance to defeat MR: 40%)
You miscast Ensorcelled Hibernation.
Your skin glows momentarily.
The orc wizard casts a spell.
The orc wizard blinks!
The orc barely misses you. The orc completely misses you.
Casting: Ensorcelled Hibernation (safe; 19% risk of failure)
Confirm with . or Enter, or press ? or * to list all spells.
Aiming: Confuse (safe; 14% risk of failure)
Press: ? - help, Shift-Dir - straight line, f - orc wizard, p - orc wizard
Aim: an orc wizard, wielding a +1 dagger of venom and wearing a +0 robe (chance to defeat MR: 47%)
The orc appears confused.
The orc hits the orc wizard with a +0 hand axe.
The orc misses you. The orc wizard misses you.
The orc wizard casts a spell at you. The magic dart hits you.
* * * LOW HITPOINT WARNING * * *
The orc wizard hits you with a +0 dagger.
You die...

#.(.# #.......................#
.(..# #...o...................#
##(.#####........#.............##
##†###..................#.....###
.....####............(...........
%....# ###...#..##..###..#######
.(...# #..#.....##..###.######
.%...# #.###....###.#........#
(.%..# #.......@.###.#........#
###### ....####..oo##.....#.#..#
..... #..#..###....>...# ..###
#..##o###...#.#....
##.....##..........
#.##..##)..o....#$
#.##....#######... .............#
##. #####..##....# .


You could see 2 orc wizards and 2 orcs.

Vanquished Creatures
  2 hounds
  3 orc priests
  3 orc wizards (D:4)
  A centaur skeleton (D:4)
  Jessica (D:3)
  An iguana (D:5)
  2 hound skeletons
  6 adders
  A howler monkey skeleton (D:3)
  2 oozes (D:1)
  An adder skeleton (D:4)
  A worm (D:2)
  A dart slug (D:1)
  3 leopard geckos
  19 orcs
  4 giant cockroaches
  13 goblins
  7 hobgoblins
  4 jackals
  12 kobolds
  2 quokkas
  A ball python (D:3)
  10 bats
  4 frilled lizards
  5 rats
109 creatures vanquished.

Notes
Turn   | Place    | Note
-------+----------+-------------------------------------------
     0 | D:1      | Arixos the Vampire Enchanter began the quest for the Orb.
     0 | D:1      | Reached XP level 1. HP: 13/13 MP: 3/3
    40 | D:1      | Reached skill level 2 in Short Blades
    40 | D:1      | Reached XP level 2. HP: 19/19 MP: 5/5
    44 | D:1      | Learned a level 2 spell: Ensorcelled Hibernation
   274 | D:1      | Reached skill level 3 in Short Blades
   411 | D:1      | Reached XP level 3. HP: 19/19 MP: 3/6
  1030 | D:2      | Reached skill level 4 in Short Blades
  1281 | D:2      | Reached XP level 4. HP: 24/24 MP: 4/7
  1703 | D:3      | Noticed Jessica
  1704 | D:3      | Killed Jessica
  1706 | D:3      | Reached skill level 5 in Short Blades
  1728 | D:3      | Found an ornate altar of the Wu Jian Council.
  1840 | D:3      | Reached XP level 5. HP: 28/28 MP: 5/8
  1875 | D:3      | Learned a level 3 spell: Dazzling Spray
  1882 | D:3      | Learned a level 3 spell: Confuse
  1886 | D:3      | Learned a level 3 spell: Tukima's Dance
  2100 | D:3      | Reached skill level 6 in Short Blades
  2681 | D:4      | Reached XP level 6. HP: 31/32 MP: 0/9
  3206 | D:4      | Reached skill level 7 in Short Blades
  3626 | D:5      | Entered Level 5 of the Dungeon
  3963 | D:5      | Reached skill level 8 in Short Blades
  4134 | D:4      | Reached XP level 7. HP: 24/36 MP: 2/10
  4343 | D:5      | HP: 1/36 [orc wizard/magic dart (5)]
  4343 | D:5      | Slain by an orc wizard

Levels and vault maps discovered:
D:1:      erik_arrival_gehennom, layout_rooms
D:2:      layout_basic
D:3:      layout_rooms, old_standard_altar, uniq_jessica
D:4:      corexii_shack_village, layout_basic, first_ration,
          minmay_misc_feat_cross
D:5:      layout_rooms, minmay_temple_entry_purple_smoke, serial_shops, shop,
          st_stairs_14, hangedman_abyss_or_decor_passed, bh_chokoban
D:6:      layout_gridville, uniq_duvessa, uniq_grinder
D:7:      lemuel_insect_pit, layout_basic, uniq_menkaure

Skill      XL: |  1  2  3  4  5  6 |
---------------+-------------------+-----
Short Blades   | 2 3 4 5 6 8 |  8.2
Dodging        | |  2.1
Stealth        | |  4.4
Spellcasting   | |  2.0
Hexes          | |  4.4

Action                   |  1- 3 |  4- 6 |  7- 9 || total
-------------------------+-------+-------+-------++-------
Melee: Dagger            |    83 |   122 |     5 ||   210
       Bite              |     8 |     5 |       ||    13
 Cast: Ensorcelled Hiber |    22 |    50 |     4 ||    76
       Confuse           |       |     5 |     2 ||     7
 Abil: Exsanguinate      |     1 |       |       ||     1
  Use: Scroll            |       |     3 |       ||     3
 Stab: Sleeping          |    30 |    49 |     1 ||    80
       Confused          |       |     4 |     1 ||     5
Armor: Robe              |    18 |    17 |       ||    35
       Leather armour    |       |    21 |     2 ||    23
Dodge: Dodged            |    58 |    85 |    14 ||   157

Table legend:
 A = Non-vault XP
 B = Vault XP
 C = Vault XP percentage of total XP
 D = Non-vault monster count
 E = Vault monster count
 F = Vault count percentage of total count
                 A         B        C        D         E       F
            +---------+---------+-------+---------+---------+-------
      Total |     701 |      69 |   9.0 |      96 |      13 |  11.9
            +---------+---------+-------+---------+---------+-------
        D:1 |      39 |      19 |  32.8 |      23 |       5 |  17.9
        D:2 |      55 |       0 |   0.0 |      21 |       0 |   0.0
        D:3 |     173 |      37 |  17.6 |      23 |       1 |   4.2
        D:4 |     362 |      13 |   3.5 |      24 |       7 |  22.6
        D:5 |      72 |       0 |   0.0 |       5 |       0 |   0.0
            +---------+---------+-------+---------+---------+-------
